 Dungeon Crawl Stone Soup version 0.31.0-32-g396128a36d (webtiles) character file.

Game seed: 15910729587188259697

6960 PaiMei the Artisan of Death (level 10, -3/80 HPs)
             Began as a Demonspawn Necromancer on Apr 11, 2024.
             Was a Priest of Kikubaaqudgha.
             Slain by a red ugly thing (13 damage)
             ... on level 8 of the Dungeon.
             The game lasted 00:17:28 (12722 turns).

PaiMei the Artisan of Death (DsNe)                 Turns: 12722, Time: 00:17:29

Health: -3/80      AC: 10    Str: 10    XL:     10   Next: 81%
Magic:  2/21       EV: 14    Int: 19    God:    Kikubaaqudgha [***...]
Gold:   454        SH:  0    Dex: 13    Spells: 16/24 levels left

rFire   . . .        L - +3 mace (drain)
rCold   . . .        (no shield)
rNeg    . . .        N - +0 troll leather armour
rPois   .            o - +2 hat
rElec   +            (no cloak)
rCorr   .            p - +0 pair of gloves
SInv    .            (no boots)
Will    .....        (no amulet)
Stlth   ++           (no ring)
HPRegen 1.13/turn    (no ring)
MPRegen 0.17/turn

%: no passive effects
@: no status effects
A: claws 1, thin metallic scales 3, ignite blood 1, spiny 2
a: Renounce Religion, Unearth Wretches


You were on level 8 of the Dungeon.
You worshipped Kikubaaqudgha.
Kikubaaqudgha was most pleased with you.
You visited 1 branch of the dungeon, and saw 8 of its levels.
You also visited: Sewer.

You collected 454 gold pieces.

Inventory:

Hand Weapons
 C - a +0 flail of protection
 I - a +4 mace
 L - a +3 mace of draining (weapon)
Missiles
 h - 2 throwing nets
 i - 3 curare-tipped darts (quivered)
 r - 22 poisoned darts
Armour
 a - a +0 robe
 o - a +2 hat (worn)
 p - a +0 pair of gloves (worn)
 u - an orb of energy
 N - a +0 troll leather armour (worn)
Jewellery
 K - a +4 ring of protection
 M - a ring of resist corrosion
Wands
 w - a wand of quicksilver (8)
 D - a wand of paralysis (19)
 G - a wand of roots (10)
Scrolls
 d - 5 scrolls of revelation {unknown}
 f - 3 scrolls of immolation {unknown}
 j - 2 scrolls of noise {unknown}
 l - 10 scrolls of identify {unknown}
 n - a scroll of summoning {unknown}
 q - 2 scrolls of enchant weapon {unknown}
 s - 3 scrolls of teleportation
 t - a scroll of vulnerability {unknown}
 v - a scroll of amnesia {unknown}
 y - a scroll of blinking {unknown}
 A - a scroll of fog {unknown}
 B - a scroll of enchant armour {unknown}
 E - a scroll of fear {unknown}
 J - a scroll of poison {unknown}
Potions
 b - 2 potions of magic
 c - a potion of cancellation {unknown}
 e - 5 potions of might {unknown}
 g - 3 potions of resistance {unknown}
 k - 2 potions of curing {unknown}
 m - a potion of haste {unknown}
 x - 5 potions of enlightenment
 z - a potion of lignification {unknown}
 F - a potion of mutation {unknown}
 H - 2 potions of heal wounds {unknown}


   Skills:
 + Level 8.2 Fighting
 + Level 7.8 Dodging
 - Level 2.0 Stealth
 + Level 7.9 Spellcasting
 + Level 10.2 Necromancy


You had 16 spell levels left.
You knew the following spells:

 Your Spells              Type           Power      Damage    Failure   Level
a - Necrotise             Necr           100%       1d9       1%          1
b - Vampiric Draining     Necr           46%        2d9       1%          3
c - Animate Dead          Necr           46%        N/A       1%          4

Your spell library contained the following spells:

 Spells                   Type           Power      Damage    Failure   Level
 Kiss of Death            Conj/Necr      100%       2d13      1%          1
 Sublimation of Blood     Necr           46%        N/A       1%          2
 Fugue of the Fallen      Necr           46%        N/A       1%          3
 Dispel Undead            Necr           46%        3d18      1%          4
 Curse of Agony           Necr           46%        N/A       5%          5
 Apportation              Tloc           14%        N/A       13%         1
 Sting                    Conj/Alch      28%        1d4       13%         1
 Summon Small Mammal      Summ           28%        N/A       13%         1
 Anguish                  Hex/Necr       13%        N/A       16%         4
 Call Imp                 Summ           14%        N/A       19%         2
 Ensorcelled Hibernation  Hex/Ice        14%        N/A       19%         2
 Death Channel            Necr           23%        N/A       28%         6
 Ozocubu's Armour         Ice            7%         N/A       36%         3
 Passwall                 Erth           7%         N/A       36%         3
 Swiftness                Air            7%         N/A       36%         3
 Borgnjor's Vile Clutch   Necr/Erth      13%        N/A       38%         5
 Manifold Assault         Tloc           7%         N/A       77%         4
 Iskenderun's Battlesphe  Conj           7%         2d6       98%         5
 Bombard                  Conj/Erth      3%         9d1       100%        6
 Spellforged Servitor     Conj/Summ      3%         N/A       100%        7
 Summon Hydra             Summ           3%         N/A       100%        7


Dungeon Overview and Level Annotations

Branches:
Dungeon (8/15)             Temple (0/1) D:6           Sewer (visited)
   Lair: D:8-11

Altars:
Ashenzari
Kikubaaqudgha
Uskayaw
Vehumet

Annotations:
D:8 Maurice


Innate Abilities, Weirdness & Mutations

You have sharp fingernails.
You are completely covered in thin metallic scales. (AC +4, rElec)
Your demonic aura sometimes causes spilled blood to erupt in flames.
You are mostly covered in sharp spines.


Message History

Aim: a red ugly thing (lightly wounded)
You draw life force from the red ugly thing!
The red ugly thing punches you but does no damage.
You completely miss the red ugly thing.
The red ugly thing is moderately wounded.
The red ugly thing barely misses you.
You hit the red ugly thing.
The red ugly thing is moderately wounded.
The red ugly thing is struck by your spines.
The red ugly thing completely misses you.
The red ugly thing is struck by your spines.
The red ugly thing punches you!
You are engulfed in flames!
You closely miss the red ugly thing.
The red ugly thing is heavily wounded.
The red ugly thing barely misses you.
Casting: Vampiric Draining (safe; 1% risk of failure)
Confirm with . or Enter, or press ? or * to list all spells.
Aiming: Vampiric Draining (safe; 1% risk of failure)
Press: ? - help, Shift-Dir - straight line, f/p - red ugly thing
Aim: a red ugly thing (heavily wounded)
You draw life force from the red ugly thing!
You feel life coursing into your body. The red ugly thing punches you.
You are engulfed in flames!!
Casting: Vampiric Draining (safe; 1% risk of failure)
Confirm with . or Enter, or press ? or * to list all spells.
You don't have enough magic to cast this spell.
Casting: Vampiric Draining (safe; 1% risk of failure)
Confirm with . or Enter, or press ? or * to list all spells.
You don't have enough magic to cast this spell.
You barely miss the red ugly thing.
The red ugly thing is heavily wounded.
The red ugly thing is struck by your spines.
The red ugly thing punches you.
You are engulfed in flames!!
* * * LOW HITPOINT WARNING * * *
The red ugly thing is struck by your spines.
The red ugly thing punches you.
* * * LOW HITPOINT WARNING * * *
You are engulfed in flames!
You die...
Kikubaaqudgha rasps: "You have failed me!
Welcome... death!"

##.# #........# #. #..#
##.....#.# #u #.##
##...##.# #. #.#
##.###.#########. #.#
#............)). #.#####
#.#############. #.#...#
#.# ## #.#...####.####
##.#.....@u....###########
#..<)................%....
#.........#.##.#.#########
#.........#.##.#.# #####
####...####.##.#.#####....
#...# #............###
#...# ####.#.#########
##.########.#..........
#..........###########


You could see a red ugly thing.

Vanquished Creatures
  A two-headed ogre (D:8)
  A centaur warrior (D:8)
  A troll (D:7)
  2 hornets (D:8)
  Prince Ribbit (D:5)
  A shadow (D:7)
  A wraith (D:8)
  2 wyverns
  2 steam dragons
  A water moccasin (D:8)
  2 black bears (D:5)
  2 orc warriors
  A sky beast (D:7)
  2 crocodiles (Sewer)
  2 elephant zombies (D:6)
  3 ogres (D:5)
  2 centaurs (D:7)
  A phantom (D:5)
  2 kobold brigands
  3 bullfrogs
  A gnoll sergeant (D:5)
  An elf zombie (D:6)
  5 scorpions
  A wight (D:7)
  9 killer bees (D:8)
  2 howler monkeys (D:7)
  2 centaur zombies (D:6)
  2 bombardier beetles
  3 orc priests
  A jelly (D:8)
  A hound (D:6)
  3 gnoll boudas
  3 sleepcaps
  5 iguanas
  6 orc wizards
  Ijyb (D:4)
  A sickly merfolk siren (Sewer)
  A malarious merfolk avatar (Sewer)
  An ogre zombie (D:6)
  4 hound zombies (D:6)
  A howler monkey zombie (D:6)
  14 adders
  18 gnolls
  3 river rats (Sewer)
  2 shadow imps
  A white imp (D:7)
  4 ufetubi
  4 adder zombies (D:6)
  A ribbon worm (D:2)
  A dart slug (D:2)
  36 orcs
  6 endoplasms
  11 giant cockroaches
  4 goblins
  5 hobgoblins
  10 quokkas
  14 ball pythons
  7 bats
  5 frilled lizards
  13 kobolds
  20 rats
266 creatures vanquished.

Vanquished Creatures (collateral kills)
  An orc (D:3)
  A goblin (D:2)
  A hobgoblin (D:1)
  A quokka (D:6)
  A ball python (Sewer)
  A rat (Sewer)
6 creatures vanquished.

Grand Total: 272 creatures vanquished

Notes
Turn   | Place    | Note
-------+----------+-------------------------------------------
     0 | D:1      | PaiMei the Demonspawn Necromancer began the quest for the
                  | Orb.
     0 | D:1      | Reached XP level 1. HP: 13/13 MP: 3/3
   232 | D:1      | Gained mutation: You are partially covered in sharp spines.
                  | [demonic ancestry]
   232 | D:1      | Reached XP level 2. HP: 19/19 MP: 0/5
  1260 | D:2      | Gained mutation: Your demonic aura sometimes causes spilled
                  | blood to erupt in flames. [demonic ancestry]
  1260 | D:2      | Reached XP level 3. HP: 22/25 MP: 1/6
  1264 | D:2      | Learned a level 3 spell: Vampiric Draining
  1434 | D:2      | Reached skill level 1 in Fighting
  2333 | D:2      | Gained mutation: You are mostly covered in sharp spines.
                  | [demonic ancestry]
  2333 | D:2      | Reached XP level 4. HP: 32/32 MP: 4/7
  2574 | D:2      | Learned a level 4 spell: Animate Dead
  2817 | D:3      | Reached skill level 5 in Necromancy
  3323 | D:3      | Found a radiant altar of Vehumet.
  3341 | D:3      | Reached XP level 5. HP: 38/38 MP: 3/9
  4051 | D:4      | Gained mutation: You are partially covered in thin metallic
                  | scales. (AC +2) [demonic ancestry]
  4051 | D:4      | Reached XP level 6. HP: 46/46 MP: 2/11
  5640 | D:4      | Reached skill level 6 in Necromancy
  5730 | D:4      | Reached XP level 7. HP: 48/52 MP: 4/12
  5892 | D:4      | Noticed Ijyb
  5898 | D:4      | Killed Ijyb
  6022 | D:5      | Entered Level 5 of the Dungeon
  6169 | D:5      | Noticed Prince Ribbit
  6249 | D:5      | Killed Prince Ribbit
  6275 | D:5      | Gained mutation: You are mostly covered in thin metallic
                  | scales. (AC +3) [demonic ancestry]
  6275 | D:5      | Reached XP level 8. HP: 35/61 MP: 3/14
  6772 | D:5      | Reached skill level 7 in Necromancy
  6909 | D:5      | Reached skill level 5 in Spellcasting
  6970 | D:5      | Reached skill level 5 in Dodging
  7138 | D:5      | Reached skill level 5 in Fighting
  7927 | D:6      | Found an ancient bone altar of Kikubaaqudgha.
  7936 | D:6      | Became a worshipper of Kikubaaqudgha
  8123 | D:6      | Found a glowing drain.
  8161 | Sewer    | Entered a sewer
  8371 | Sewer    | Reached * piety under Kikubaaqudgha
  8371 | Sewer    | Received a gift from Kikubaaqudgha
  8406 | Sewer    | Gained mutation: You have sharp fingernails. [demonic
                  | ancestry]
  8406 | Sewer    | Reached XP level 9. HP: 68/68 MP: 13/17
  8557 | Sewer    | Reached skill level 8 in Necromancy
  8991 | D:6      | Reached ** piety under Kikubaaqudgha
  9383 | D:6      | Found a hide-covered altar of Uskayaw.
  9447 | D:6      | Found a broken altar of Ashenzari.
  9763 | D:6      | Found a staircase to the Ecumenical Temple.
 10551 | D:7      | Noticed a troll
 10554 | D:7      | Reached skill level 9 in Necromancy
 10557 | D:7      | Killed a troll
 10564 | D:7      | Gained mutation: You are completely covered in thin
                  | metallic scales. (AC +4, rElec) [demonic ancestry]
 10564 | D:7      | Reached XP level 10. HP: 35/79 MP: 3/20
 11241 | D:8      | Noticed a two-headed ogre
 11329 | D:8      | Reached *** piety under Kikubaaqudgha
 11329 | D:8      | Received a gift from Kikubaaqudgha
 11501 | D:8      | Noticed Maurice
 12362 | D:8      | Killed a two-headed ogre
 12614 | D:8      | Noticed a centaur warrior
 12624 | D:8      | Killed a centaur warrior
 12628 | D:8      | Reached skill level 10 in Necromancy
 12632 | D:8      | Noticed a red ugly thing
 12722 | D:8      | Slain by a red ugly thing

Illustrated notes

Levels and vault maps discovered:
D:1:      ebering_hopf_link, layout_loops_ring, minmay_misc_feat_hallway
D:2:      layout_loops_ring, serial_co_window_serial,
          co_window_of_opportunity_a, co_window_paths_a, co_window_paths_a,
          co_window_corner_a, co_window_paths_b, co_window_corner_ca,
          co_window_corner_cb, co_window_broadway_c, co_window_corner_b,
          co_window_corner_cb, co_window_paths_d, co_window_paths_e,
          glass_columns_b, glass_columns_a, glass_columns_b, glass_columns_a,
          minmay_misc_feat_roman
D:3:      layout_rooms, nicolae_vehumet_radiance
D:4:      layout_cave_pools, uniq_ijyb
D:5:      layout_cave_pods, uniq_prince_ribbit1
D:6:      layout_basic, kennysheep_mini, nicolae_ashenzari_panopticon,
          minmay_temple_entry_fiery, portal_sewer_entry_f,
          roadster_capsule_ark_zombie
D:7:      cheibrodos_barr_body, layout_gridville, nicolae_ossuary_entry_plus,
          st_stairs_9
D:8:      layout_loops_ring, overflow_temple_1_default, nicolae_doodle_vault,
          uniq_maurice

Skill      XL: |  1  2  3  4  5  6  7  8  9 10 |
---------------+-------------------------------+-----
Stealth        | 2 |  2.0
Dodging        | 2 3 4 5 6 7 |  7.8
Fighting       | 1 2 3 4 5 7 8 |  8.2
Necromancy     | 5 6 7 9 10 | 10.2
Spellcasting   | 3 4 5 6 7 |  7.9

Action                     |  1- 3 |  4- 6 |  7- 9 | 10-12 || total
---------------------------+-------+-------+-------+-------++-------
  Melee: Spear             |     7 |    13 |    26 |       ||    46
         Flail             |       |       |   138 |       ||   138
         Mace              |       |       |     9 |    38 ||    47
         Punch             |       |       |     3 |       ||     3
   Cast: Necrotise         |    73 |   108 |    99 |    35 ||   315
         Vampiric Draining |       |    13 |    63 |    34 ||   110
   Stab: Distracted        |       |     1 |       |       ||     1
         Sleeping          |       |       |     1 |       ||     1
 Armour: Robe              |     8 |    38 |   166 |     2 ||   214
         Troll leather arm |       |       |       |    59 ||    59
  Dodge: Dodged            |    17 |    34 |   237 |    62 ||   350
